 Dungeon Crawl Stone Soup version 0.31-a0-1603-gbec6b6ccbf (webtiles) character file.

Game seed: 17390976755340288758

11461 osuadh the Spry (level 11, -2/58 HPs)
             Began as a Spriggan Enchanter on Jan 7, 2024.
             Was an Initiate of Gozag.
             Killed from afar by a gargoyle (27 damage)
             ... with a stone arrow
             ... on level 9 of the Dungeon.
             The game lasted 00:47:17 (13446 turns).

osuadh the Spry (Spriggan Enchanter)               Turns: 13446, Time: 00:47:17

Health: -2/58      AC:  6    Str: 11    XL:     11   Next: 49%
Magic:  20/20      EV: 26    Int: 24    God:    Gozag
Gold:   1407       SH:  0    Dex: 14    Spells: 16/21 levels left

rFire   . . .        d - +7 spear
rCold   + . .        (no shield)
rNeg    . . .        c - +0 steam dragon scales
rPois   +            (helmet restricted)
rElec   +            r - +0 cloak
rCorr   .            (gloves unavailable)
SInv    +            (boots unavailable)
Will    +....        (no amulet)
Stlth   +++++        k - ring of Nahitaad {^Drain rElec rPois rC+ Str+6}
HPRegen 0.29/turn    (no ring)
MPRegen 0.17/turn

%: no passive effects
@: very quick
A: very small, no large weapons, unfitting armour, see invisible, speed 3,
clever 1
a: Renounce Religion, Potion Petition, Call Merchant, Bribe Branch


You were on level 9 of the Dungeon.
You worshipped Gozag.
Gozag was most pleased with you.
You visited 2 branches of the dungeon, and saw 11 of its levels.

You collected 1518 gold pieces.
You paid 111 gold pieces to Gozag.

Inventory:

Hand Weapons
 a - a +1 dagger of venom
 b - a +0 scimitar of electrocution
 d - a +7 spear (weapon)
Missiles
 h - 2 throwing nets
 A - 5 boomerangs
Armour
 c - +0 steam dragon scales (worn)
 r - a +0 cloak (worn)
Magical Staves
 j - a staff of conjuration
Jewellery
 k - the ring of Nahitaad (left hand) {^Drain rElec rPois rC+ Str+6}
   (You took it off an orc priest on level 8 of the Dungeon)

   [ring of strength]

   Str+6:     It affects your strength (+6).
   rC+:       It protects you from cold.
   rElec:     It insulates you from electricity.
   rPois:     It protects you from poison ^Drain: It drains your maximum health
   when unequipped.
 C - a +4 ring of protection
Wands
 p - a wand of flame (29)
 s - a wand of acid (15)
 w - a wand of digging (8)
 z - a wand of roots (7)
 D - a wand of paralysis (9)
Scrolls
 e - a scroll of blinking
 g - a scroll of fog
 l - 3 scrolls of vulnerability
 m - a scroll of butterflies
 o - a scroll of teleportation
 y - 2 scrolls of noise
Potions
 f - a potion of berserk rage
 i - 2 potions of curing
 n - 2 potions of enlightenment
 q - 2 potions of brilliance
 t - 3 potions of attraction
 u - a potion of ambrosia {unknown}
 v - a potion of lignification {unknown}
 x - 4 potions of might {unknown}
 B - a potion of heal wounds {unknown}
 E - a potion of cancellation {unknown}
 F - a potion of magic {unknown}


   Skills:
 + Level 6.6 Fighting
 + Level 10.1 Short Blades
 - Level 15.3 Dodging
 - Level 11.2 Stealth
 - Level 5.6 Spellcasting
 - Level 7.1 Hexes
 - Level 1.0 Ice Magic


You had 16 spell levels left.
You knew the following spells:

 Your Spells              Type           Power      Damage    Failure   Level
a - Ensorcelled Hibernat  Hex/Ice        52%        N/A       2%          2
b - Tukima's Dance        Hex            41%        N/A       1%          3

Your spell library contained the following spells:

 Spells                   Type           Power      Damage    Failure   Level
 Confusing Touch          Hex            41%        N/A       1%          3
 Dazzling Flash           Conj/Hex       46%        N/A       6%          3
 Sublimation of Blood     Necr           6%         N/A       13%         2
 Petrify                  Alch/Erth      6%         N/A       63%         4
 Irradiate                Conj/Alch      3%         3d12      93%         5
 Haunt                    Necr/Summ      3%         N/A       100%        7
 Infestation              Necr           3%         N/A       100%        8
 Animate Dead             Necr           Unusable   N/A       N/A         4

Dungeon Overview and Level Annotations

Branches:
Dungeon (10/15)            Temple (1/1) D:7             Orc (0/2) D:9
   Lair: D:8-11

Altars:
Ashenzari
Cheibriados
Dithmenos
Elyvilon
Fedhas
Gozag
Hepliaklqana
Kikubaaqudgha
Makhleb
Nemelex Xobeh
Okawaru
Qazlal
Ru
Sif Muna
Trog
Uskayaw
Vehumet
Wu Jian
Xom
Yredelemnul
Zin
The Shining One

Portals:
Abyss: D:6

Annotations:
D:6 1 transporter, Pokonic1's ghost, novice TrEE


Innate Abilities, Weirdness & Mutations

You are very small and have problems with some larger weapons.
You are too small for most types of armour.
You have supernaturally acute eyesight. (SInv)
You cover ground extremely quickly. (Speed+++)
Your mind is acute. (Int +4, Str/Dex -1)


Message History

You hit the gargoyle but do no damage.
The gargoyle is lightly damaged.
The gargoyle completely misses you.
You hit the gargoyle but do no damage.
The gargoyle is lightly damaged.
The gargoyle hits you but does no damage.
The gargoyle hurls a stone arrow at you.
The stone arrow hits you!!
You hit the gargoyle but do no damage.
The gargoyle is lightly damaged.
The gargoyle misses you.
You hit the gargoyle but do no damage.
The gargoyle is lightly damaged.
The gargoyle completely misses you.
You hit the gargoyle but do no damage.
The gargoyle is lightly damaged.
The gargoyle closely misses you.
You hit the gargoyle but do no damage.
The gargoyle is lightly damaged.
The gargoyle completely misses you.
You hit the gargoyle.
The gargoyle is moderately damaged.
The gargoyle hurls a stone arrow at you.
The stone arrow misses you.
You hit the gargoyle but do no damage.
The gargoyle is moderately damaged.
The gargoyle misses you.
You hit the gargoyle but do no damage.
The gargoyle is moderately damaged.
The gargoyle misses you.
You hit the gargoyle but do no damage.
The gargoyle is moderately damaged.
The gargoyle hits you!
You are too injured to fight recklessly!
The gargoyle hurls a stone arrow at you.
The stone arrow misses you.
The gargoyle hurls a stone arrow at you.
The stone arrow hits you!!
You die...
Your body crumbles into a pile of gold.

.>...'..............###...##.....
.....#.############..##...##.....
.....#...###########.##...##.....
#.######.........................
#.# #######....#####..##.##.....
#.####...###..9.## ##....##.....
#....'.....'.....# ####........
######...###.....# #.#######
.....#...# #....@# #.# #
####.#...# #.....# #.# # #.#...#
#####.# #.# # #.#...#######.####
#.####### ##'######.........#
#.#<..... #.................#
#.####### #................<#
##........
#.........).......####........#
#........................)....'


You could see a gargoyle.

Vanquished Creatures
  A rakshasa (D:8)
  Maurice (D:8)
  Maggie (D:8)
  2 kobold demonologists (D:9)
  A hornet (D:8)
  Prince Ribbit (D:8)
  2 wyverns
  18 yaks
  2 acid dragons (D:10)
  An orc warrior (D:7)
  8 ogres
  A wolf (D:8)
  2 centaurs
  5 kobold brigands
  3 gnoll sergeants
  3 bullfrogs
  3 scorpions
  6 wights
  5 howler monkeys
  10 hounds (D:8)
  3 jellies
  3 gnoll boudas
  7 orc priests
  An iguana (D:6)
  13 orc wizards
  Natasha (D:2)
  15 gnolls
  7 adders
  2 shadow imps (D:7)
  3 white imps
  A ribbon worm (D:2)
  6 dart slugs
  22 orcs
  9 ball pythons
  8 bats
  4 endoplasms
  4 giant cockroaches
  8 goblins
  7 hobgoblins
  14 kobolds
  2 quokkas (D:5)
  8 frilled lizards
  5 rats
229 creatures vanquished.

Vanquished Creatures (collateral kills)
  A gargoyle (D:10)
  Jeremiah (D:7)
  An orc warrior (D:9)
  An ogre (D:8)
  2 gnoll sergeants (D:8)
  3 wights
  A shadow imp (D:5)
  An orc (D:5)
11 creatures vanquished.

Vanquished Creatures (others)
  8 dancing weapons
8 creatures vanquished.

Grand Total: 248 creatures vanquished

Notes
Turn   | Place    | Note
-------+----------+-------------------------------------------
     0 | D:1      | osuadh the Spriggan Enchanter began the quest for the Orb.
     0 | D:1      | Reached XP level 1. HP: 9/9 MP: 5/5
   235 | D:1      | Reached skill level 5 in Stealth
   235 | D:1      | Reached XP level 2. HP: 12/13 MP: 6/6
   317 | D:1      | Learned a level 2 spell: Ensorcelled Hibernation
   493 | D:1      | Reached skill level 1 in Ice Magic
   660 | D:1      | Reached XP level 3. HP: 16/16 MP: 4/8
  1586 | D:2      | Found a bloodstained altar of Trog.
  1590 | D:2      | Noticed Natasha
  1709 | D:2      | Reached XP level 4. HP: 21/21 MP: 7/10
  2055 | D:2      | Reached skill level 1 in Fighting
  2082 | D:2      | Killed Natasha
  2083 | D:2      | Reached skill level 3 in Dodging
  2543 | D:3      | Reached XP level 5. HP: 21/25 MP: 5/12
  2616 | D:3      | Learned a level 3 spell: Tukima's Dance
  2653 | D:3      | Found an ancient bone altar of Kikubaaqudgha.
  2699 | D:3      | Found a bloodstained altar of Trog.
  2830 | D:3      | Found a sacrificial altar of Ru.
  3338 | D:4      | Found a burning altar of Makhleb.
  3763 | D:5      | Entered Level 5 of the Dungeon
  3854 | D:5      | Noticed an ogre
  4026 | D:4      | Reached XP level 6. HP: 30/30 MP: 8/13
  4203 | D:5      | Reached skill level 5 in Hexes
  4792 | D:6      | Found a transporter.
  4800 | D:6      | Noticed a small abomination
  4800 | D:6      | Noticed an ancient zyme
  4800 | D:6      | Noticed a ynoxinul
  4800 | D:6      | Noticed Pokonic1's ghost (novice TrEE)
  4800 | D:6      | Found a transporter.
  4823 | D:6      | Gained mutation: Your mind is acute. (Int +4, Str/Dex -1)
                  | [potion of mutation]
  4947 | D:6      | Reached skill level 5 in Short Blades
  4947 | D:6      | Reached XP level 7. HP: 33/33 MP: 14/14
  5147 | D:6      | Noticed a yak
  5148 | D:6      | Noticed a yak
  5148 | D:6      | Noticed a yak
  5228 | D:6      | Found a one-way gate to the infinite horrors of the Abyss.
  5328 | D:6      | Reached skill level 5 in Spellcasting
  5536 | D:6      | Killed a yak
  5537 | D:6      | Reached XP level 8. HP: 37/37 MP: 14/17
  5783 | D:6      | Reached skill level 10 in Stealth
  6002 | D:6      | Reached skill level 15 in Dodging
  6002 | D:6      | Reached XP level 9. HP: 41/41 MP: 18/18
  6009 | D:7      | Noticed Jeremiah
  7156 | D:7      | Found a staircase to the Ecumenical Temple.
  7248 | Temple   | Entered the Ecumenical Temple
  7265 | Temple   | Became a worshipper of Gozag Ym Sagoz the Greedy
  7525 | D:7      | Killed Jeremiah
  7573 | D:7      | Found a sparkling altar of Nemelex Xobeh.
  7821 | D:8      | Reached XP level 10. HP: 29/47 MP: 6/19
  8132 | D:8      | Noticed Maggie
  8141 | D:8      | Killed Maggie
  8173 | D:8      | Identified the ring of Nahitaad {^Drain rElec rPois rC+
                  | Str+6}
  8174 | D:8      | Noticed a two-headed ogre
  8529 | D:8      | Noticed Prince Ribbit
  9039 | D:8      | Noticed Maurice
  9431 | D:8      | Killed Maurice
  9844 | D:8      | Killed Prince Ribbit
 10088 | D:8      | Noticed a rakshasa
 10091 | D:8      | Killed a rakshasa
 10212 | D:8      | You fall into a shaft and drop 2 floors!
 10212 | D:10     | Entered Level 10 of the Dungeon
 10226 | D:10     | Reached skill level 5 in Fighting
 10371 | D:10     | Reached XP level 11. HP: 55/55 MP: 20/20
 12315 | D:9      | Identified the +1 pair of boots of Rur Emmi {rElec rC+
                  | Will+++ Regen+ Int-4}
 12487 | D:9      | Found a staircase to the Orcish Mines.
 12523 | D:10     | Reached skill level 10 in Short Blades
 13446 | D:9      | Killed from afar by a gargoyle

Illustrated notes

Levels and vault maps discovered:
D:1:      psy_arrival_conway, layout_basic, roderic_serpentine_path
D:2:      layout_loops_cross, basic_altar, uniq_natasha
D:3:      layout_basic, trog_book, mainiacjoe_overflow_large_starburst
D:4:      layout_loops_ring, mainiacjoe_overflow_chevrons,
          kennysheep_generic_room_10
D:5:      layout_cave_pools
D:6:      layout_gridville, gammafunk_ghost_abyssal_escape, minmay_hedge_maze
D:7:      layout_loops_ring, nemelex_diamond_rough_becter,
          minmay_temple_entry_statues_pillars, minmay_misc_feat_secret_circle,
          uniq_jeremiah
D:8:      lemuel_castle_with_subvaults [lemuel_castle_interior_original],
          layout_basic, enter_bailey_2, uniq_maurice, uniq_maggie,
          uniq_prince_ribbit1
D:9:      layout_basic, orc_0_dummy
D:10:     layout_loops_corners
Temple:   nicolae_temple_bog_church

Skill      XL: |  1  2  3  4  5  6  7  8  9 10 11 |
---------------+----------------------------------+-----
Stealth        | 5 6 7 10 11 | 11.2
Short Blades   | 2 3 5 6 8 10 | 10.1
Ice Magic      | 1 |  1.0
Spellcasting   | 3 4 5 |  5.6
Hexes          | 4 5 7 |  7.1
Fighting       | 1 2 5 6 |  6.6
Dodging        | 3 15 | 15.3

Action                     |  1- 3 |  4- 6 |  7- 9 | 10-12 || total
---------------------------+-------+-------+-------+-------++-------
  Melee: Dagger            |   133 |   122 |   136 |   157 ||   548
         Punch             |     2 |     1 |     1 |     3 ||     7
         Scimitar          |       |       |    25 |    62 ||    87
         Spear             |       |       |       |    24 ||    24
   Cast: Ensorcelled Hiber |    13 |    43 |    46 |   145 ||   247
         Tukima's Dance    |       |     1 |    17 |    21 ||    39
  Evoke: Wand              |       |       |     2 |     1 ||     3
    Use: Scroll            |       |     4 |    10 |     2 ||    16
         Potion            |       |     4 |     1 |     3 ||     8
   Stab: Sleeping          |    12 |    41 |    27 |    74 ||   154
         Distracted        |       |       |     1 |     2 ||     3
         Paralysed         |       |       |       |     2 ||     2
 Armour: Robe              |    42 |    31 |    35 |     9 ||   117
         Steam dragon scal |       |       |       |    46 ||    46
  Dodge: Dodged            |   110 |    76 |   121 |   215 ||   522

Table legend: (Time is in decaauts)
 A = Elapsed time spent in this place.
 B = Non-inter-level travel time spent in this place.
 C = Inter-level travel time spent in this place.
 D = Time resting spent in this place.
 E = Time spent auto-exploring this place.
 F = Levels seen in this place.
 G = Mean time per level.
                   A        B        C        D        E       F      G
               +--------+--------+--------+--------+--------+-----+--------+
         Total |   9988 |   9648 |    340 |   1850 |   4532 |  11 |  908.0 |
       Dungeon |   9966 |   9646 |    320 |   1850 |   4532 |  10 |  996.6 |
        Temple |     21 |      1 |     20 |      0 |      0 |   1 |   21.0 |
               +--------+--------+--------+--------+--------+-----+--------+

Top non-repeatable levels by time:
     D:8: 2337 daAuts
     D:7: 1186 daAuts
     D:9: 1182 daAuts
     D:1: 1053 daAuts
     D:6: 974 daAuts
    D:10: 849 daAuts
     D:2: 691 daAuts
     D:4: 620 daAuts
     D:5: 611 daAuts
     D:3: 459 daAuts
  Temple: 21 daAuts
